 Dungeon Crawl Stone Soup version 0.16-a0-1982-g8124c91 (webtiles) character file.

387 timbw the Slasher (level 6, -2/84 HPs)
             Began as a Draconian Berserker on Nov 8, 2014.
             Was a Believer of Trog.
             Slain by a worm (7 damage)
             ... on level 6 of the Dungeon.
             The game lasted 00:02:30 (508 turns).

timbw the Slasher (Draconian Berserker)              Turns: 508, Time: 00:02:31

Health: -2/84      AC:  6    Str: 24    XL:     6   Next: 49%
Magic:  6/6        EV: 13    Int:  8    God:    Trog [**....]
Gold:   51         SH:  0    Dex: 12    Spells: 0 memorised, 5 levels left

rFire  . . .     SeeInvis .     a - +0 falchion
rCold  . . .     Clarity  .     (armour unavailable)
rNeg   . . .     SustAb   .     (no shield)
rPois  .         Gourm    .     (helmet restricted)
rElec  .         Spirit   .     (no cloak)
rCorr  .         Warding  .     (no gloves)
rMut   .         Stasis   .     (no boots)
MR     .....                    (no amulet)
Stlth  ..........               (no ring)
                                (no ring)

@: berserking (expiring), very quick, not resistant to hostile enchantments,
extremely unstealthy
A: unfitting armour, cold-blooded, AC +6
a: Burn Spellbooks, Berserk, Trog's Hand, Renounce Religion


You were on level 6 of the Dungeon.
You worshipped Trog.
Trog was pleased with you.
You were not hungry.

You visited 1 branch of the dungeon, and saw 6 of its levels.

You collected 51 gold pieces.

Inventory:

Hand weapons
 a - a +0 falchion (weapon)
Missiles
 e - a throwing net (quivered)
 j - 8 javelins
Scrolls
 b - a scroll of teleportation {unknown}
 d - a scroll of identify {unknown}
 k - a scroll of remove curse {unknown}
 l - a scroll of recharging {unknown}
Potions
 i - a potion of restore abilities {unknown}
 m - a potion of curing {unknown}
Comestibles
 c - a bread ration
 f - a meat ration
 h - 3 fruits


   Skills:
 + Level 5.1 Fighting
 * Level 5.4 Long Blades
 + Level 4.0 Dodging


You had 5 spell levels left.
You didn't know any spells.

Dungeon Overview and Level Annotations

Branches:
Dungeon (6/15)
 Temple: D:4-7

Altars:
Kikubaaqudgha
Nemelex Xobeh


Innate Abilities, Weirdness & Mutations

Your plain brown scales are hard (AC +6).
Your body does not fit into most forms of armour.
Your cold-blooded metabolism reacts poorly to cold.


Message History

* * * LOW HITPOINT WARNING * * *
The worm bites you!
* * * LOW HITPOINT WARNING * * *
You barely miss something.
A sky beast appears from thin air!
Reactivating autopickup.
The sky beast hits you but does no damage.
You hit the sky beast. You tail-slap the sky beast.
The sky beast is almost dead.
The sky beast closely misses you. The worm bites you but does no damage.
You barely miss the sky beast.
Your tail-slap misses the sky beast.
The sky beast is almost dead.
You slash the sky beast!
You kill the sky beast!
Trog accepts your kill.
Your Fighting skill increases to level 5!
Your Dodging skill increases to level 4!
You slash the worm!
The worm is moderately wounded.
The worm bites you!
You die...

..# ....!..
........
?.......#
.........#
#...?......#
#))$.......# .
........†.# .#
##..[....@## .#
#.(..>...w.# .#
#..........# .#
#..........###.#
#..........##w.#
#.............##
##........##...##
##...<..##.....#
##########...##


You could see a worm.

Vanquished Creatures
  An ice beast (D:6)
  A sky beast (D:6)
  A giant frog (D:5)
  An iguana (D:4)
  A worker ant (D:6)
  An adder (D:5)
  3 gnolls (D:3)
  A giant mite (D:5)
  A worm (D:3)
  A giant gecko (D:5)
  An orc (D:4)
  2 bats
  2 bat zombies (D:5)
  4 goblins
  A hobgoblin (D:1)
  A kobold (D:2)
  A rat (D:2)
  4 rat zombies (D:5)
28 creatures vanquished.

Notes
Turn   | Place    | Note
--------------------------------------------------------------
     0 | D:1      | timbw, the Draconian Berserker, began the quest for the Orb.
     0 | D:1      | Reached XP level 1. HP: 19/19 MP: 1/1
    50 | D:1      | Found a sparkling altar of Nemelex Xobeh.
   117 | D:3      | Reached XP level 2. HP: 24/27 MP: 2/2
   121 | D:3      | Reached XP level 3. HP: 29/33 MP: 3/3
   209 | D:4      | Reached skill level 4 in Fighting
   209 | D:4      | Reached XP level 4. HP: 24/40 MP: 4/4
   265 | D:5      | Entered Level 5 of the Dungeon
   265 | D:5      | Noticed a giant frog
   275 | D:5      | Killed a giant frog
   290 | D:5      | Acquired Trog's second power
   290 | D:5      | Reached XP level 5. HP: 11/47 MP: 5/5
   353 | D:5      | Found an ancient bone altar of Kikubaaqudgha.
   475 | D:6      | Noticed an ice beast
   495 | D:6      | Noticed a sky beast
   502 | D:6      | Killed an ice beast
   502 | D:6      | Reached skill level 5 in Long Blades
   502 | D:6      | Reached XP level 6. HP: 21/55 MP: 6/6
   503 | D:6      | HP: 4/82 [worm (11)]
   507 | D:6      | Killed a sky beast
   507 | D:6      | Reached skill level 5 in Fighting
   508 | D:6      | Slain by a worm

Action                   |  1- 3 |  4- 6 || total
-------------------------+-------+-------++-------
Melee: Falchion          |    38 |    62 ||   100
Invok: Berserk           |     2 |     1 ||     3
       Trog's Hand       |       |     2 ||     2
  Eat: Pizza             |       |     1 ||     1
